 Dungeon Crawl Stone Soup version 0.27-a0-1416-g941b2bd30b (webtiles) character file.

Game seed: 11887412215337676761

54355 tilp the Convoker (level 14, -10/115 HPs)
             Began as a Barachi Summoner on July 1, 2021.
             Was the Champion of Okawaru.
             Killed from afar by Azrael (33 damage)
             ... with damnation
             ... on level 2 of the Orcish Mines.
             The game lasted 01:15:42 (47100 turns).

tilp the Convoker (Barachi Summoner)               Turns: 47100, Time: 01:15:42

Health: -10/115    AC: 25    Str: 17    XL:     14   Next: 72%
Magic:  17/27      EV: 15    Int: 23    God:    Okawaru [******]
Gold:   2721       SH:  0    Dex: 12    Spells: 5/31 levels left

rFire    + . .     SeeInvis .   a - +6 quarterstaff "Keufos" {freeze, rElec Str+3 Int+6}
rCold    + . .     Faith    +   (shield currently unavailable)
rNeg     . . .     Spirit   .   n - +2 scale mail {rPois}
rPois    +         Reflect  .   r - +2 helmet
rElec    +         Harm     .   j - scarf {rC+ rF+}
rCorr    .         Rampage  .   z - +2 pair of gloves {archery}
Will     ++...                  k - +2 pair of boots {Fly}
Stlth    +++.......             o - amulet of faith
HPRegen  0.29/turn              A - ring of willpower
MPRegen  0.20/turn              i - +4 ring of protection

@: heroic, forested, flying, very slightly contaminated, invisible, slow
A: amphibious, slowness 1, strong legs 2, +LOS
a: Hop, Renounce Religion, Heroism, Finesse


You were on level 2 of the Orcish Mines.
You worshipped Okawaru.
Okawaru was exalted by your worship.
You visited 4 branches of the dungeon, and saw 21 of its levels.
You also visited: Ossuary.

You collected 4765 gold pieces.
You spent 2044 gold pieces at shops.

Inventory:

Hand Weapons
 a - the +6 quarterstaff "Keufos" (weapon) {freeze, rElec Str+3 Int+6}
   (You found it on level 5 of the Dungeon)

   It has been specially enchanted to freeze those struck by it, causing extra
   injury to most foes and up to half again as much damage against particularly
   susceptible opponents.
   It can also slow down cold-blooded creatures.
   Str:       It affects your strength (+3).
   Int:       It affects your intelligence (+6).
   rElec:     It insulates you from electricity.
 v - the +9 quarterstaff of Vahitevoki {vorpal, rCorr Dex+4}
   (Okawaru gifted it to you on level 3 of the Lair of Beasts)

   It inflicts extra damage upon your enemies.
   Dex:       It affects your dexterity (+4).
   rCorr:     It protects you from acid and corrosion.
 I - a +9 vampiric lajatang
Missiles
 c - 3 curare-tipped darts
 g - 55 poisoned darts (quivered)
Armour
 e - a +0 ring mail
 j - a scarf of resistance (worn)
 k - a +2 pair of boots of flying (worn)
 n - a +2 scale mail of poison resistance (worn)
 r - a +2 helmet (worn)
 z - a +2 pair of gloves of archery (worn)
 L - a +2 cloak of stealth
Jewellery
 i - a +4 ring of protection (right hand)
 o - an amulet of faith (around neck)
 p - a ring of positive energy
 t - a ring of see invisible
 A - a ring of willpower (left hand)
Wands
 s - a wand of polymorph (20)
 E - a wand of paralysis (9)
 F - a wand of flame (128)
 K - a wand of charming (9)
 M - a wand of digging (6)
Scrolls
 d - a scroll of magic mapping
 l - 7 scrolls of identify
 m - 7 scrolls of teleportation
 q - a scroll of silence
 w - 4 scrolls of amnesia
 B - a scroll of acquirement
 Q - 3 scrolls of blinking
Potions
 b - a potion of lignification
 f - 2 potions of might
 u - 2 potions of resistance
 x - 3 potions of attraction
 C - 2 potions of cancellation
 D - 2 potions of mutation
 G - 2 potions of invisibility
 H - a potion of haste
 J - 2 potions of magic
 P - a potion of brilliance
Miscellaneous
 h - a phial of floods (inert)


   Skills:
 - Level 12.0(17.0) Fighting
 - Level 4.0(9.0) Staves
 - Level 6.0(11.0) Armour
 - Level 10.0(15.0) Dodging
 - Level 4.0(9.0) Stealth
 + Level 9.0 Spellcasting
 + Level 15.7 Summonings
 - Level 4.0 Translocations
 - Level 4.0 Ice Magic
 - Level 4.0 Air Magic
 - Level 10.0 Invocations
 - Level 4.0 Evocations


You had 5 spell levels left.
You knew the following spells:

 Your Spells              Type           Power      Damage    Failure   Level
a - Apportation           Tloc           56%        N/A       3%          1
c - Call Canine Familiar  Summ           70%        N/A       1%          3
d - Summon Guardian Gole  Hex/Summ       46%        N/A       1%          3
e - Summon Ice Beast      Ice/Summ       54%        N/A       2%          4
f - Summon Lightning Spi  Summ/Air       54%        N/A       2%          4
g - Summon Forest         Summ/Tloc      27%        N/A       8%          5
h - Shadow Creatures      Summ           N/A        N/A       3%          6

Your spell library contained the following spells:

 Spells                   Type           Power      Damage    Failure   Level
 Summon Small Mammal      Summ           100%       N/A       1%          1
 Call Imp                 Summ           70%        N/A       1%          2
 Shock                    Conj/Air       76%        1d7       7%          1
 Frozen Ramparts          Ice            56%        1d7       10%         3
 Gell's Gravitas          Tloc           14%        N/A       10%         3
 Lesser Beckoning         Tloc           14%        N/A       10%         3
 Swiftness                Air            28%        N/A       10%         3
 Teleport Other           Tloc           28%        N/A       10%         3
 Poisonous Vapours        Pois/Air       38%        N/A       11%         2
 Static Discharge         Conj/Air       19%        N/A       11%         2
 Animate Skeleton         Necr           20%        N/A       16%         1
 Corona                   Hex            11%        N/A       16%         1
 Foxfire                  Conj/Fire      40%        2x1d6     16%         1
 Magic Dart               Conj           40%        1d5       16%         1
 Sting                    Tmut/Pois      40%        1d5       16%         1
 Summon Mana Viper        Hex/Summ       46%        N/A       19%         5
 Passwall                 Tmut/Erth      8%         N/A       24%         2
 Searing Ray              Conj           20%        3d3       24%         2
 Slow                     Hex            10%        N/A       24%         2
 Sublimation of Blood     Necr           5%         N/A       24%         2
 Wereblood                Tmut           10%        N/A       24%         2
 Mephitic Cloud           Conj/Pois/Air  16%        N/A       28%         3
 Airstrike                Air            14%        N/A       30%         4
 Conjure Flame            Conj/Fire      10%        6-21      43%         3
 Inner Flame              Hex/Fire       10%        N/A       43%         3
 Vampiric Draining        Necr           5%         2d6       43%         3
 Ice Form                 Ice/Tmut       19%        N/A       56%         4
 Iskenderun's Mystic Bla  Conj/Tloc      19%        2d6       56%         4
 Dispel Undead            Necr           10%        3d9       85%         4
 Fulminant Prism          Conj/Hex       5%         3d7       85%         4
 Leda's Liquefaction      Hex/Erth       5%         N/A       85%         4
 Olgreb's Toxic Radiance  Pois           10%        N/A       85%         4
 Petrify                  Tmut/Erth      10%        N/A       85%         4
 Sticky Flame             Conj/Fire      10%        2d3       85%         4
 Metabolic Englaciation   Hex/Ice        9%         N/A       89%         5
 Silence                  Hex/Air        9%         N/A       89%         5
 Bolt of Magma            Conj/Fire/Erth 5%         4d5       99%         5
 Lee's Rapid Deconstruct  Erth           5%         3d7*      99%         5
 Monstrous Menagerie      Summ           35%        N/A       22%         7
 Summon Hydra             Summ           35%        N/A       22%         7
 Dispersal                Tloc           14%        N/A       99%         6
 Spellforged Servitor     Conj/Summ      23%        N/A       99%         7
 Invisibility             Hex            5%         N/A       100%        6
 Statue Form              Tmut/Erth      6%         N/A       100%        6
 Orb of Destruction       Conj           5%         9d2       100%        7
 Storm Form               Tmut/Air       9%         N/A       100%        7


Dungeon Overview and Level Annotations

Branches:
Dungeon (12/15)            Temple (1/1) D:5            Lair (6/6) D:11
  Swamp (0/4) Lair:3        Snake (0/4) Lair:4        Slime (0/5) Lair:5
    Orc (2/2) D:12        Ossuary (visited)
    Elf: Orc:2

Altars:
Ashenzari
Cheibriados
Dithmenos
Elyvilon
Fedhas
Gozag
Hepliaklqana
Kikubaaqudgha
Makhleb
Nemelex Xobeh
Okawaru
Qazlal
Ru
Sif Muna
Trog
Uskayaw
Vehumet
Wu Jian
Xom
Yredelemnul
Zin
The Shining One

Shops:
D:1 =   D:4 ?   D:7 *   Orc:1 =

Annotations:
Orc:2 Azrael


Innate Abilities, Weirdness & Mutations

You are amphibious.
You cover ground slowly.
You can hop long distances.
You have an extended range of vision and can be seen from far away.


Message History

Azrael burns you.
* * * LOW HITPOINT WARNING * * *
Unknown command.
Unknown command.
Unknown command.
Okay, then.
Press: ? - help, v - describe, . - travel
Here: Azrael, wielding a +3 scimitar of flaming (heavily wounded)
The floor.
Aiming: Polymorph
Press: ? - help, Shift-Dir - straight line, f - Azrael
Aim: Azrael, wielding a +3 scimitar of flaming (heavily wounded, will become a soul eater, a sun demon, or a blizzard demon, chance to affect: 40%)
Okay, then.
Unknown command.
Aiming: Paralyse
Press: ? - help, Shift-Dir - straight line, f - Azrael
Aim: Azrael, wielding a +3 scimitar of flaming (heavily wounded, chance to affect: 40%)
Okay, then.
Aim the phial where?
Press: ? - help, Shift-Dir - straight line, f - Azrael
Aim: Azrael, wielding a +3 scimitar of flaming (heavily wounded)
The torrent of water hits Azrael!
Azrael is doused terribly!
Azrael is heavily wounded.
The wave splashes down.
Azrael is engulfed in water.
You hear a shout! x8; You hear a howl!
You hear a shout!
You hear a howl!
You hear a shout! x12
Azrael closely misses you.
Azrael blows smoke rings.
Okay, then.
Press: ? - help, v - describe, . - travel
Here: Azrael, wielding a +3 scimitar of flaming (heavily wounded, waterlogged) Some shallow water, summoned.
You fade into invisibility!
Azrael closely misses you.
You are very lightly contaminated with residual magic.
Unknown command.
A warg and an orc come into view.
Azrael gestures at something.
The sphere of damnation explodes!
The damnation engulfs you!!
You die...

..................#..............
...#...........o.................
..#............♣.h....♣.......♣..
............♣...................≈
....................♣............
.............♣...♣♣#...♣.....°.○§
................<.#...........°°○
..................≈≈♣≈.#°.☼E○°.#○
.....#......≈...@.R○≈≈##.........
...........≈≈≈≈.<.♣≈≈.♣##...♣....
##...#.#...≈≈≈...♣....###........
.#....#...#≈≈≈..♣♣#.##♣#....♣...♣
###..###.###...## ### ##.###.##.
# #### ### ##♣♣# ### #####


You could see Azrael (waterlogged), a warg and an orc.

Vanquished Creatures
  2 boulder beetles
  4 hydras
  An ogre mage (D:11)
  2 two-headed ogres
  2 skeletal warriors (D:11)
  A cyclops (D:11)
  An ugly thing (D:11)
  2 manticores
  5 elephants
  7 black mambas
  3 rime drakes
  A freezing wraith (D:11)
  A cane toad (Lair:4)
  15 komodo dragons
  A tengu conjurer (D:11)
  A meliai (D:11)
  A troll (D:12)
  A polar bear (Lair:6)
  3 hornets
  12 blink frogs
  5 slime creatures
  7 spriggans (Lair:6)
  32 yaks
  A shadow (D:12)
  2 wraiths
  3 fire elementals (Orc:2)
  9 nameless horrors
  A vampire mosquito (D:12)
  Menkaure (D:4)
  6 water moccasins
  2 acid dragons
  2 hell hounds
  Duvessa (D:7)
  A hornet zombie (D:8)
  4 orc warriors
  An ice beast (D:6)
  2 black bears
  28 wolves
  2 boggarts (Lair:6)
  9 centaurs
  A phantom (D:6)
  4 kobold brigands
  9 bullfrogs
  An elf zombie (Ossuary)
  A gnoll sergeant (D:8)
  A scorpion (D:4)
  A water moccasin zombie (D:5)
  A howler monkey (D:4)
  3 electric eels (Lair:4)
  4 centaur zombies
  A bullfrog zombie (D:7)
  A human zombie (Ossuary)
  4 jellies
  9 orc priests
  Jessica (D:2)
  2 centaur skeletons
  2 iguanas
  4 hell rats
  10 orc wizards
  A killer bee zombie (D:7)
  A hound zombie (Ossuary)
  A hound skeleton (D:5)
  2 howler monkey zombies (D:10)
  3 mummies (Ossuary)
  5 gnolls
  2 adders
  A shadow imp (D:6)
  3 adder zombies (Ossuary)
  An adder skeleton (D:4)
  4 dart slugs
  33 orcs
  3 ball pythons
  7 endoplasms
  3 giant cockroaches
  A gnoll zombie (Ossuary)
  2 goblins
  5 hobgoblins
  9 jackals
  8 kobolds
  4 quokkas
  2 bats
  2 frilled lizards
  A goblin zombie (Ossuary)
  5 hobgoblin zombies (Ossuary)
  A jackal zombie (Ossuary)
  7 kobold zombies (Ossuary)
  3 orc zombies (Ossuary)
  19 rats
  3 rat zombies (Ossuary)
387 creatures vanquished.

Vanquished Creatures (collateral kills)
  Snorg (Lair:4)
  5 hydras
  2 catoblepae
  The ghost of Armakuni the Summoner, a journeyman HuSu of Elyvilon (D:10)
  A two-headed ogre (D:12)
  A tengu warrior (D:11)
  3 skeletal warriors (D:11)
  An oklob plant (Lair:2)
  2 ugly things (D:11)
  3 manticores
  A spectral centaur (D:10)
  6 black mambas
  5 elephants
  6 cane toads
  A centaur skeleton (D:10)
  A gargoyle (D:12)
  2 unseen horrors
  2 komodo dragons
  A rime drake (Lair:6)
  A kobold demonologist (D:11)
  A troll (D:11)
  2 polar bears (Lair:6)
  A meliai (D:11)
  2 blink frogs
  A meliai zombie (D:11)
  5 hornets
  9 slime creatures
  5 dream sheep (Lair:5)
  6 spriggans
  28 yaks
  A vampire (D:11)
  2 vampire mosquitoes
  A fire elemental (Orc:2)
  5 basilisks
  2 acid dragons
  13 water moccasins
  3 orc warriors
  An ice beast (D:6)
  7 black bears
  3 ogres
  12 wolves
  A centaur (D:6)
  2 boggarts (Lair:6)
  A kobold brigand (D:12)
  3 bullfrogs
  A gnoll sergeant (D:12)
  Dowan (D:7)
  3 scorpions (D:6)
  4 nameless horrors
  A howler monkey (D:6)
  3 centaur zombies
  A bullfrog zombie (D:6)
  2 human zombies (Ossuary)
  A jelly (D:6)
  A bullfrog skeleton (D:5)
  An iguana (D:6)
  5 orc wizards
  2 hell rats (Lair:6)
  A hound zombie (Ossuary)
  7 gnolls
  3 adders
  2 white imps (D:6)
  An ufetubus (D:4)
  An adder zombie (Ossuary)
  2 dart slugs
  23 orcs
  4 endoplasms (D:1)
  A gnoll zombie (Ossuary)
  4 goblins
  4 hobgoblins
  A jackal (D:3)
  A quokka (D:1)
  2 ball pythons
  3 bats
  A goblin zombie (Ossuary)
  2 hobgoblin zombies (Ossuary)
  2 kobolds (D:1)
  5 rats
  A butterfly (Lair:1)
260 creatures vanquished.

Vanquished Creatures (others)
  A yak (Lair:5)
  59 fungi
  71 plants
  3 snaplasher vines
134 creatures vanquished.

Grand Total: 781 creatures vanquished

Notes
Turn   | Place    | Note
-------+----------+-------------------------------------------
     0 | D:1      | tilp the Barachi Summoner began the quest for the Orb.
     0 | D:1      | Reached XP level 1. HP: 13/13 MP: 3/3
   172 | D:1      | Reached skill level 1 in Fighting
   650 | D:1      | Reached XP level 2. HP: 16/22 MP: 0/5
  1297 | D:1      | Found Paykuatu's Jewellery Shop.
  1384 | D:1      | Reached skill level 5 in Summonings
  1544 | D:1      | Found a faded altar of an unknown god.
  2322 | D:1      | Learned a level 2 spell: Call Imp
  2559 | D:2      | Reached XP level 3. HP: 21/27 MP: 2/6
  2563 | D:2      | Learned a level 3 spell: Call Canine Familiar
  3586 | D:2      | Noticed Jessica
  3594 | D:2      | Killed Jessica
  3595 | D:2      | Reached XP level 4. HP: 33/33 MP: 1/8
  3857 | D:3      | Reached skill level 6 in Summonings
  4182 | D:3      | Reached XP level 5. HP: 22/39 MP: 2/9
  5899 | D:4      | Identified the +0 short sword "Vysy" {elec, rElec rPois}
  6049 | D:4      | Found Zusiynkeo's Magic Scroll Emporium.
  6058 | D:4      | Bought a scroll of magic mapping for 49 gold pieces
  6058 | D:4      | Bought a scroll of teleportation for 42 gold pieces
  6200 | D:4      | Reached XP level 6. HP: 34/47 MP: 10/10
  6524 | D:4      | Noticed Menkaure
  6541 | D:4      | Killed Menkaure
  6907 | D:4      | Identified a scroll of acquirement
  6907 | D:4      | Acquired 796 gold pieces
  7003 | D:4      | Bought a scroll of enchant armour for 105 gold pieces
  7127 | D:1      | Bought an amulet of faith for 560 gold pieces
  7226 | D:5      | Entered Level 5 of the Dungeon
  7243 | D:5      | Reached XP level 7. HP: 46/54 MP: 6/11
  8206 | D:5      | Identified the +6 quarterstaff "Keufos" {freeze, rElec
                  | Str+3 Int+6}
  8442 | D:5      | Found a staircase to the Ecumenical Temple.
  8448 | Temple   | Entered the Ecumenical Temple
  8502 | D:5      | Learned a level 3 spell: Summon Guardian Golem
  8926 | D:6      | Reached skill level 7 in Summonings
  9383 | D:6      | Reached skill level 8 in Summonings
  9383 | D:6      | Reached XP level 8. HP: 39/60 MP: 8/14
  9459 | D:6      | Reached skill level 5 in Fighting
  9835 | D:6      | Learned a level 4 spell: Summon Ice Beast
  9913 | D:6      | Found a bloodstained altar of Trog.
 10472 | D:7      | Found Qutar's CLEARANCE SALE! EVERYTHING MUST GO!.
 10501 | D:7      | Found a sand-covered staircase.
 10506 | Ossuary  | Entered an ossuary
 10637 | Ossuary  | Reached skill level 5 in Spellcasting
 10772 | Ossuary  | Reached skill level 9 in Summonings
 10954 | D:7      | Acquired 1251 gold pieces
 10984 | D:7      | Bought a +2 pair of boots of flying for 107 gold pieces
 10984 | D:7      | Bought a book of the Dryads for 190 gold pieces
 10984 | D:7      | Bought a potion of berserk rage for 25 gold pieces
 11023 | D:7      | Noticed Duvessa
 11023 | D:7      | Noticed Dowan
 11441 | D:1      | Bought a +4 ring of protection for 504 gold pieces
 11441 | D:1      | Bought a ring of willpower for 350 gold pieces
 11566 | D:4      | Bought a scroll of identify for 28 gold pieces
 11566 | D:4      | Bought a scroll of identify for 28 gold pieces
 11566 | D:4      | Bought a scroll of identify for 28 gold pieces
 11566 | D:4      | Bought a scroll of identify for 28 gold pieces
 11698 | D:7      | Found a blossoming altar of Fedhas.
 11730 | D:7      | Learned a level 4 spell: Summon Lightning Spire
 11813 | D:7      | Killed Duvessa
 11814 | D:7      | Reached skill level 1 in Ice Magic
 11814 | D:7      | Reached skill level 1 in Air Magic
 11814 | D:7      | Reached XP level 9. HP: 19/69 MP: 17/17
 12202 | D:7      | Killed Dowan
 13170 | D:8      | Found a white marble altar of Elyvilon.
 13688 | D:8      | Found a shimmering altar of Xom.
 14186 | D:8      | Found an iron altar of Okawaru.
 14235 | D:8      | Reached skill level 10 in Summonings
 14295 | D:8      | Became a worshipper of Warmaster Okawaru
 14333 | D:8      | Reached skill level 11 in Summonings
 14414 | D:9      | Reached XP level 10. HP: 50/76 MP: 14/19
 14414 | D:9      | Reached * piety under Okawaru
 14667 | D:9      | Reached skill level 12 in Summonings
 14667 | D:9      | Reached skill level 1 in Invocations
 15383 | D:9      | Found a snail-covered altar of Cheibriados.
 15383 | D:9      | Noticed a seven-headed hydra
 16191 | D:10     | Entered Level 10 of the Dungeon
 16213 | D:10     | Found a runed translucent door.
 16220 | D:10     | Found an opulent altar of Gozag.
 16227 | D:10     | Paralysed by a hornet for 3 turns
 16500 | D:10     | Noticed Armakuni's ghost (journeyman HuSu)
 16601 | D:10     | Found a broken altar of Ashenzari.
 16665 | D:10     | Noticed a two-headed ogre
 16685 | D:10     | Killed a two-headed ogre
 16685 | D:10     | Reached ** piety under Okawaru
 16830 | D:10     | Found a hazy altar of Hepliaklqana.
 16871 | D:10     | Reached skill level 5 in Invocations
 16875 | D:10     | Reached *** piety under Okawaru
 17090 | D:10     | Killed an unseen horror
 17192 | D:10     | Noticed a spectral centaur warrior
 17199 | D:10     | Killed a spectral centaur warrior
 17199 | D:10     | Reached **** piety under Okawaru
 17200 | D:10     | Reached skill level 1 in Staves
 17200 | D:10     | Reached skill level 1 in Armour
 17200 | D:10     | Reached skill level 1 in Evocations
 17224 | D:10     | Reached ***** piety under Okawaru
 17225 | D:10     | Reached XP level 11. HP: 81/83 MP: 13/20
 17281 | D:10     | Identified the +10 short sword of Oenomania {freeze, rElec
                  | Int+2 Dex+4 SInv}
 17969 | D:10     | Acquired 858 gold pieces
 17971 | D:10     | Acquired a book of Beasts
 17980 | D:10     | Learned a level 6 spell: Shadow Creatures
 18248 | D:11     | Noticed a skeletal warrior
 18356 | D:11     | Noticed a cyclops
 18366 | D:11     | Killed a cyclops
 18400 | D:11     | Noticed a cyan ugly thing
 18416 | D:11     | Killed a cyan ugly thing
 18548 | D:11     | Reached skill level 5 in Dodging
 18666 | D:11     | Noticed a green ugly thing
 18682 | D:11     | Killed a green ugly thing
 19596 | D:10     | Received a gift from Okawaru
 20514 | D:11     | Paralysed by a hornet for 3 turns
 21136 | D:11     | Noticed a boulder beetle
 21318 | D:11     | Noticed a tengu warrior
 21352 | D:11     | Killed a tengu warrior
 21452 | D:11     | Noticed a purple ugly thing
 21461 | D:11     | Noticed a manticore
 21464 | D:11     | Killed a purple ugly thing
 21475 | D:11     | Killed a manticore
 21658 | D:11     | Noticed a skeletal warrior
 21658 | D:11     | Noticed a skeletal warrior
 21658 | D:11     | Noticed a skeletal warrior
 22191 | D:11     | Killed a boulder beetle
 22489 | D:11     | Received a gift from Okawaru
 22729 | D:11     | Killed a skeletal warrior
 22854 | D:11     | Noticed an ogre mage
 22867 | D:11     | Paralysed by something for 5 turns
 22883 | D:11     | Killed an ogre mage
 23027 | D:11     | Reached XP level 12. HP: 74/92 MP: 21/21
 23034 | D:11     | Found a staircase to the Lair.
 24648 | D:11     | Reached skill level 13 in Summonings
 24781 | D:11     | Found a staircase to the Lair.
 25354 | Lair:1   | Entered Level 1 of the Lair of Beasts
 26617 | Lair:1   | You are sucked into a shaft and drop 1 floor!
 26815 | Lair:2   | Noticed a six-headed hydra
 26824 | Lair:2   | Killed a six-headed hydra
 27211 | Lair:1   | Identified the +4 flail of Day {drain, rPois rC+ Dex+4}
 28438 | Lair:2   | Reached skill level 14 in Summonings
 31923 | Lair:3   | Identified the +9 quarterstaff of Vahitevoki {vorpal, rCorr
                  | Dex+4} (Okawaru gifted it to you on level 3 of the Lair of
                  | Beasts)
 31923 | Lair:3   | Received a gift from Okawaru
 32203 | Lair:3   | Noticed a six-headed hydra
 32209 | Lair:3   | Found a staircase to the Swamp.
 32209 | Lair:3   | Killed a six-headed hydra
 32369 | Lair:3   | Reached skill level 15 in Summonings
 33518 | Lair:4   | Gained mutation: You can hop long distances. [Barachi
                  | growth]
 33518 | Lair:4   | Reached XP level 13. HP: 59/99 MP: 25/25
 33522 | Lair:4   | Noticed Snorg
 33753 | Lair:4   | Killed Snorg
 34145 | Lair:4   | Reached skill level 5 in Armour
 34289 | Lair:4   | Found a staircase to the Snake Pit.
 34862 | Lair:4   | Received a gift from Okawaru
 35204 | Lair:4   | Reached ****** piety under Okawaru
 35379 | Lair:4   | Got Sif Muna's Catalogue of Dusty Feathers
 35478 | Lair:4   | Learned a level 5 spell: Summon Forest
 35480 | Lair:4   | Learned a level 1 spell: Apportation
 35871 | Lair:5   | Reached skill level 1 in Translocations
 36040 | Lair:5   | Found a staircase to the Slime Pits.
 37027 | Lair:5   | Received a gift from Okawaru
 37267 | Lair:5   | Reached skill level 10 in Fighting
 38169 | Lair:6   | Entered Level 6 of the Lair of Beasts
 38604 | Lair:6   | Found a glowing silver altar of Zin.
 39141 | Lair:6   | Reached XP level 14. HP: 79/111 MP: 5/26
 39610 | Lair:6   | Received a gift from Okawaru
 40674 | Lair:6   | Received a gift from Okawaru
 40675 | Lair:6   | Reached skill level 10 in Invocations
 42088 | Lair:6   | Reached skill level 10 in Dodging
 42435 | Lair:6   | Received a gift from Okawaru
 43186 | D:10     | Found a broken altar of Ashenzari.
 43422 | D:10     | Found a runed translucent door.
 43432 | D:10     | Found an opulent altar of Gozag.
 43558 | D:10     | Found a hazy altar of Hepliaklqana.
 44205 | D:10     | Killed Armakuni's ghost
 45872 | D:12     | Found a staircase to the Orcish Mines.
 45891 | D:12     | Received a gift from Okawaru
 46150 | Orc:1    | Entered Level 1 of the Orcish Mines
 46193 | Orc:1    | Found Foclo's Jewellery Boutique.
 46309 | Orc:2    | Entered Level 2 of the Orcish Mines
 46745 | Orc:2    | Noticed Azrael
 47100 | Orc:2    | Killed from afar by Azrael

Illustrated notes

Levels and vault maps discovered:
D:1:      sevenhm_arrival_forest_fort_large_3, layout_basic, serial_shops,
          nicolae_shop_statue_plus, basic_ecumenical_altar, minmay_misc_feat_x
D:2:      layout_loops_corners, uniq_jessica
D:3:      layout_rooms, minivault_24, minmay_rat_hole
D:4:      layout_loops_ring, serial_shops, shop, uniq_menkaure
D:5:      layout_basic, minmay_temple_entry_fiery, minmay_misc_feat_doors
D:6:      layout_cave_pools, old_standard_altar, amcnicky_mini_pool_medium
D:7:      layout_loops_cross, general_overflow_altar, enter_ossuary_2,
          nicolae_shop_clearance, uniq_duvessa
D:8:      layout_loops_ring, overflow_temple_1_default, kennysheep_mini_moat,
          nicolae_overflow_crystal_walls, kennysheep_generic_room_7
D:9:      layout_basic, lemuel_crystal_altar
D:10:     layout_grid_maze, lemuel_doored_altar, kennysheep_mini,
          cheibrodos_ashenzari_chains, gammafunk_ghost_grave,
          grunt_decor_one_mirror, hangedman_weighted_door,
          kennysheep_generic_room_14
D:11:     minmay_the_grid_plus [minmay_the_grid_garden, minmay_the_grid_fan,
          minmay_the_grid_diamond_grid, minmay_the_grid_odd_star,
          minmay_the_grid_prize_inner_circle], layout_loops_ring,
          lair_entry_dummy, chequers_avenue
D:12:     layout_small_grid, kennysheep_orc_monster_closet_entryway,
          st_stairs_3, minivault_10
Temple:   nicolae_temple_god_jail
Lair:1:   layout_cave_pods, lemuel_fruit_fields, grunt_megastairs_3,
          infiniplex_staircase_pool_2
Lair:2:   layout_cave_pods, beast_lair_carwin_3, minmay_lair_oklob_chamber
Lair:3:   layout_gridlike, minmay_swamp_entry_reptiles
Lair:4:   layout_gridlike, minmay_snake_entry_six_corridors, minmay_hedge_maze,
          minivault_24, uniq_snorg
Lair:5:   layout_small_grid, minmay_slime_entry_pillars, serial_bayou_pond_d,
          grunt_megastairs_4
Lair:6:   minmay_lair_end_enchanted_forest, layout_gridlike, basic_altar,
          grunt_megastairs_5
Orc:1:    layout_caves, serial_shops, shop
Orc:2:    st_orc_town, layout_caves, uniq_azrael

Skill      XL: |  1  2  3  4  5  6  7  8  9 10 11 12 13 14 |
---------------+-------------------------------------------+-----
Fighting       | 1 2 3 4 6 8 10 12 | 12.0
Summonings     | 5 6 8 9 11 12 15 | 15.7
Spellcasting   | 3 4 5 6 8 9 |  9.0
Stealth        | 2 4 |  4.0
Dodging        | 3 4 6 8 10 | 10.0
Ice Magic      | 1 4 |  4.0
Air Magic      | 1 4 |  4.0
Invocations    | 6 8 9 10 | 10.0
Staves         | 2 4 |  4.0
Armour         | 2 4 6 |  6.0
Evocations     | 1 4 |  4.0
Translocations | 4 |  4.0

Action                   |  1- 3 |  4- 6 |  7- 9 | 10-12 | 13-15 || total
-------------------------+-------+-------+-------+-------+-------++-------
Melee: Unarmed           |    10 |       |       |       |       ||    10
       Short sword       |    31 |       |       |       |     2 ||    33
       Long sword        |    31 |       |       |       |       ||    31
       Mace              |    31 |   139 |    42 |       |       ||   212
       Quarterstaff      |       |       |   293 |   506 |   813 ||  1612
Throw: Dart              |       |       |     2 |       |       ||     2
 Cast: Summon Small Mamm |    68 |     2 |       |       |       ||    70
       Call Imp          |     8 |    27 |    27 |       |     1 ||    63
       Call Canine Famil |       |     9 |    17 |    16 |     2 ||    44
       Summon Guardian G |       |       |     2 |     2 |       ||     4
       Summon Ice Beast  |       |       |       |   112 |    28 ||   140
       Summon Lightning  |       |       |       |    20 |     3 ||    23
       Shadow Creatures  |       |       |       |    37 |   101 ||   138
       Apportation       |       |       |       |       |     1 ||     1
       Summon Forest     |       |       |       |       |     7 ||     7
Invok: Heroism           |       |       |       |    18 |    14 ||    32
 Abil: Hop               |     1 |     2 |     3 |     8 |     5 ||    19
Evoke: Wand              |       |       |       |     1 |     3 ||     4
       Phial of floods   |       |       |       |       |     1 ||     1
  Use: Scroll            |     2 |     7 |    19 |    10 |     4 ||    42
       Potion            |       |     1 |       |     4 |     3 ||     8
 Stab: Distracted        |     2 |     5 |     1 |     7 |    10 ||    25
       Sleeping          |     1 |       |     2 |       |       ||     3
       Paralysed         |       |       |       |     6 |       ||     6
       Petrified         |       |       |       |       |     3 ||     3
Armor: Robe              |    19 |       |       |       |       ||    19
       Ring mail         |    16 |    69 |   188 |   301 |       ||   574
       Skin              |       |    14 |       |       |       ||    14
       Scale mail        |       |       |       |    90 |   673 ||   763
Dodge: Dodged            |    80 |    91 |   219 |   391 |   652 ||  1433
       Rpst.: Long sword |    11 |       |       |       |       ||    11

Table legend: (Time is in decaauts)
 A = Elapsed time spent in this place.
 B = Non-inter-level travel time spent in this place.
 C = Inter-level travel time spent in this place.
 D = Time resting spent in this place.
 E = Time spent auto-exploring this place.
 F = Levels seen in this place.
 G = Mean time per level.
                   A        B        C        D        E       F      G
               +--------+--------+--------+--------+--------+-----+--------+
         Total |  51436 |  47908 |   3528 |  16573 |  24549 |  22 | 2338.0 |
       Dungeon |  30586 |  28071 |   2515 |   9689 |  14409 |  12 | 2548.8 |
        Temple |     56 |     42 |     14 |      0 |     40 |   1 |   56.0 |
          Lair |  19286 |  18309 |    977 |   6583 |   9494 |   6 | 3214.3 |
  Orcish Mines |   1029 |   1008 |     21 |    300 |    424 |   2 |  514.5 |
       Ossuary |    477 |    477 |      0 |      0 |    180 |   1 |  477.0 |
               +--------+--------+--------+--------+--------+-----+--------+

Top non-repeatable levels by time:
    D:10: 6199 daAuts
    D:11: 4754 daAuts
  Lair:2: 3999 daAuts
  Lair:6: 3998 daAuts
  Lair:5: 3045 daAuts
     D:2: 2913 daAuts
  Lair:3: 2899 daAuts
  Lair:4: 2736 daAuts
     D:1: 2617 daAuts
  Lair:1: 2605 daAuts
     D:6: 2315 daAuts
     D:9: 2272 daAuts
    D:12: 2013 daAuts
     D:8: 1941 daAuts
     D:4: 1673 daAuts
